 Dungeon Crawl Stone Soup version 0.24-a0-581-gc0fa6600bf (webtiles) character file.

Game seed: 14163589292894421136

2101 Aggronaut the Cleaver (level 9, -7/70 HPs)
             Began as a Red Draconian Berserker on Aug 23, 2019.
             Was an Elder of Trog.
             Killed from afar by an orc warrior (10 damage)
             ... with an iceblast
             ... on level 6 of the Dungeon.
             The game lasted 00:12:50 (5842 turns).

Aggronaut the Cleaver (Red Draconian Berserker)     Turns: 5842, Time: 00:12:51

Health: -7/70      AC:  7    Str: 22    XL:     9   Next: 7%
Magic:  9/9        EV: 12    Int:  8    God:    Trog [****..]
Gold:   207        SH:  0    Dex: 11    Spells: 8/8 levels left

rFire    + . .     SeeInvis .   c - +2 battleaxe
rCold    . . .     Gourm    .   (shield currently unavailable)
rNeg     . . .     Faith    .   (armour unavailable)
rPois    .         Spirit   .   (helmet restricted)
rElec    .         Reflect  .   (no cloak)
rCorr    .         Harm     .   (no gloves)
MR       .....                  (no boots)
Stlth    +.........             (no amulet)
HPRegen  0.21/turn              (no ring)
MPRegen  0.11/turn              (no ring)

@: no status effects
A: breathe fire, unfitting armour, fire resistance 1, cold-blooded, AC +7
a: Breathe Fire, Berserk, Trog's Hand, Brothers in Arms, Renounce Religion


You were on level 6 of the Dungeon.
You worshipped Trog.
Trog was greatly pleased with you.
You were not hungry.

You visited 1 branch of the dungeon, and saw 6 of its levels.
You also visited: Ossuary.

You collected 207 gold pieces.

Inventory:

Hand Weapons
 c - a +2 battleaxe (weapon)
Missiles
 r - 9 javelins (quivered)
Jewellery
 d - an uncursed ring of wizardry {unknown}
Wands
 p - a wand of iceblast (3)
Scrolls
 e - a scroll of fear {unknown}
 k - a scroll of enchant weapon
Potions
 g - 4 potions of curing
 l - 3 potions of agility
 n - a potion of lignification {unknown}
 t - 3 potions of flight {unknown}
 u - 4 potions of haste
 w - a potion of berserk rage {unknown}
Comestibles
 b - 5 rations


   Skills:
 - Level 3.2 Fighting
 + Level 12.0 Axes
 - Level 2.6 Dodging


You had 8 spell levels left.
You didn't know any spells.
Your spell library was empty.

Dungeon Overview and Level Annotations

Branches:
Dungeon (6/15)             Temple (0/1) D:4         Ossuary (visited)

Altars:
Gozag
Okawaru
Uskayaw
Xom
Yredelemnul
Zin


Innate Abilities, Weirdness & Mutations

You can breathe blasts of fire.
Your fiery red scales are hard. (AC +7)
You cannot fit into any form of body armour.
Your flesh is heat resistant. (rF+)
You are cold-blooded and may be slowed by cold attacks.


Message History

The orc warrior zaps a wand.
The mass of ice explodes!
The iceblast engulfs you!
The iceblast engulfs the orc.
The orc hits you with a +0 war axe.
You hear a shout!
You hit the orc.
You tail-slap the orc, but do no damage.
The orc is almost dead.
The orc warrior zaps a wand.
The mass of ice explodes!
The iceblast engulfs you!
The iceblast engulfs the orc!
The orc dies!
An orc comes into view. It is wielding a +0 long sword.
The orc warrior zaps a wand.
The mass of ice explodes!
The iceblast engulfs you!
* * * LOW HITPOINT WARNING * * *
The orc warrior zaps a wand.
The mass of ice explodes!
The iceblast engulfs you!
* * * LOW HITPOINT WARNING * * *
The orc warrior zaps a wand.
The mass of ice explodes!
The iceblast engulfs you!
You die...

....#.####..%
....#..<....
......o....
........)†# ##
.^......).# ...
.......))(# ..#
....o.†...# ...#
..........###....#
..o...)..@<......#
........#####....#
........# ...#
......... ..#
...##.#.. .# ...
#.##.. # . #? ..
## #.#


You could see an orc warrior and 2 orcs.

Vanquished Creatures
  A manticore (D:4)
  A yak (D:4)
  A human (D:2)
  An ice beast (D:6)
  An orc warrior (D:6)
  3 centaurs
  A water moccasin zombie (Ossuary)
  3 scorpions
  4 wights (D:2)
  A killer bee (D:4)
  A hound (D:5)
  A gnoll shaman (D:5)
  3 worker ants
  An iguana (D:4)
  Natasha (thrice) (D:3)
  5 big kobold zombies (Ossuary)
  A hound zombie (D:5)
  2 mummies (Ossuary)
  13 gnolls
  5 adders
  2 adder skeletons
  5 adder zombies (Ossuary)
  A worm (D:2)
  3 dart slugs
  6 leopard geckos
  4 orcs
  9 bats
  6 giant cockroaches
  A gnoll zombie (Ossuary)
  5 goblins
  3 hobgoblins
  8 kobolds
  3 quokkas
  4 frilled lizards
  6 hobgoblin zombies (Ossuary)
  A jackal skeleton (D:2)
  2 kobold zombies (Ossuary)
  A leopard gecko zombie (D:6)
  8 orc zombies (Ossuary)
  A quokka zombie (D:3)
  7 rats
138 creatures vanquished.

Vanquished Creatures (others)
  An orc (D:6)
1 creature vanquished.

Grand Total: 139 creatures vanquished

Notes
Turn   | Place    | Note
-------+----------+-------------------------------------------
     0 | D:1      | Aggronaut the Draconian Berserker began the quest for the
                  | Orb.
     0 | D:1      | Reached XP level 1. HP: 19/19 MP: 1/1
   335 | D:1      | Reached XP level 2. HP: 19/26 MP: 2/2
   582 | D:1      | Reached skill level 4 in Axes
   607 | D:1      | Reached XP level 3. HP: 16/31 MP: 3/3
  1526 | D:2      | Found a runed translucent door.
  1526 | D:2      | Noticed a human
  1528 | D:2      | Found a basalt altar of Yredelemnul.
  1531 | D:2      | Reached skill level 5 in Axes
  1531 | D:2      | Reached XP level 4. HP: 38/38 MP: 4/4
  1531 | D:2      | Reached ** piety under Trog
  1540 | D:2      | Reached XP level 5. HP: 41/45 MP: 5/5
  1603 | D:2      | Reached skill level 6 in Axes
  1746 | D:2      | Killed a human
  1746 | D:2      | Reached skill level 7 in Axes
  1746 | D:2      | Reached XP level 6. HP: 16/51 MP: 6/6
  2727 | D:3      | Noticed Natasha
  2734 | D:3      | Killed Natasha
  2756 | D:3      | Noticed Natasha
  2761 | D:3      | Killed Natasha
  2869 | D:3      | Noticed Natasha
  2874 | D:3      | Killed Natasha
  2899 | D:3      | Found a glowing silver altar of Zin.
  3026 | D:3      | Noticed an angel
  3030 | D:3      | Found a shimmering altar of Xom.
  3089 | D:3      | Reached skill level 8 in Axes
  3203 | D:4      | Found an opulent altar of Gozag.
  3203 | D:4      | Noticed a manticore
  3203 | D:4      | Noticed a yak
  3210 | D:4      | Found a transporter.
  3267 | D:4      | Found a staircase to the Ecumenical Temple.
  3453 | D:4      | Your scales start taking on a fiery red colour.
  3453 | D:4      | Reached XP level 7. HP: 36/57 MP: 7/7
  3453 | D:4      | Gained mutation: Your flesh is heat resistant. (rF+) [Red
                  | Draconian growth]
  3549 | D:4      | Found an iron altar of Okawaru.
  3746 | D:4      | Found a transporter.
  3773 | D:4      | Found a hide-covered altar of Uskayaw.
  3848 | D:4      | Killed a manticore
  3848 | D:4      | Reached skill level 9 in Axes
  3853 | D:4      | Reached XP level 8. HP: 55/63 MP: 8/8
  3862 | D:4      | Reached skill level 10 in Axes
  4166 | D:5      | Entered Level 5 of the Dungeon
  4185 | D:5      | Reached *** piety under Trog
  4215 | D:5      | Found a sand-covered staircase.
  4221 | Ossuary  | Entered an ossuary
  4787 | D:5      | Reached **** piety under Trog
  4787 | D:5      | Reached skill level 11 in Axes
  5172 | D:5      | HP: 1/63 [centaur (7)]
  5672 | D:6      | Reached XP level 9. HP: 54/70 MP: 9/9
  5676 | D:6      | Reached skill level 12 in Axes
  5841 | D:6      | HP: 2/70 [orc warrior/iceblast (11)]
  5842 | D:6      | Killed from afar by an orc warrior

Levels and vault maps discovered:
D:1:      elethiomel_arrival_fortress_basement, layout_basic
D:2:      layout_loops_corners, serial_forest, infiniplex_forest_straight_2,
          infiniplex_forest_straight_5, infiniplex_forest_zigzag_1,
          infiniplex_forest_lined_room_2, infiniplex_forest_clump_long,
          infiniplex_forest_clump_C, infiniplex_forest_end_2,
          dk_yredelemnul_ordeal
D:3:      layout_rooms, grunt_temple_overflow_order_and_chaos_1, uniq_natasha
D:4:      layout_gridville, nicolae_overflow_hidden_temple,
          kennysheep_little_box, gammafunk_temple_overflow_arena,
          minmay_temple_entry_drinking_statues, first_ration
D:5:      layout_rooms, nicolae_ossuary_entry_plus
D:6:      layout_rooms, overflow_temple_1_default

Skill      XL: |  1  2  3  4  5  6  7  8  9 |
---------------+----------------------------+-----
Axes           | 4 5 7 8 9 11 12 | 12.0
Fighting       | |  3.2
Dodging        | |  2.6

Action                   |  1- 3 |  4- 6 |  7- 9 || total
-------------------------+-------+-------+-------++-------
Melee: Hand axe          |    70 |     9 |       ||    79
       Tailslap          |     7 |     9 |    19 ||    35
       Battleaxe         |       |   110 |   172 ||   282
Invok: Berserk           |     2 |     2 |     4 ||     8
       Trog's Hand       |       |     1 |       ||     1
 Abil: Breathe Fire      |       |       |     4 ||     4
  Use: Scroll            |       |       |    13 ||    13
       Potion            |       |       |     1 ||     1
 Stab: Distracted        |       |     1 |       ||     1
       Sleeping          |       |       |     1 ||     1
  Eat: Chunk             |     3 |     2 |     6 ||    11
       Ration            |       |     2 |     2 ||     4
Armor: Skin              |    23 |    41 |    53 ||   117
Dodge: Dodged            |    55 |    90 |   115 ||   260

Table legend:
 A = Non-vault XP
 B = Vault XP
 C = Vault XP percentage of total XP
 D = Non-vault monster count
 E = Vault monster count
 F = Vault count percentage of total count
                 A         B        C        D         E       F
            +---------+---------+-------+---------+---------+-------
      Total |    1727 |    1275 |  42.5 |     100 |      38 |  27.5
            +---------+---------+-------+---------+---------+-------
        D:1 |      44 |       2 |   4.3 |      16 |       1 |   5.9
        D:2 |     327 |     193 |  37.1 |      26 |       2 |   7.1
        D:3 |     124 |      35 |  22.0 |      18 |       1 |   5.3
        D:4 |     190 |     754 |  79.9 |       9 |       4 |  30.8
        D:5 |     521 |       0 |   0.0 |      20 |       0 |   0.0
        D:6 |     521 |       0 |   0.0 |      11 |       0 |   0.0
    Ossuary |       0 |     291 | 100.0 |       0 |      30 | 100.0
            +---------+---------+-------+---------+---------+-------
